 Dungeon Crawl Stone Soup version 0.32-a0-599-gba8f9cf90e (webtiles) character file.

Game seed: 12356091596158970105

128 CougarLife the Digger (level 5, -3/28 HPs)
             Began as a Gargoyle Earth Elementalist on Mar 2, 2024.
             Was a Follower of Vehumet.
             Killed by nerve-wracking pain
             ... invoked by an orc priest
              (5 damage)
             ... on level 3 of the Dungeon.
             The game lasted 00:02:22 (1655 turns).

CougarLife the Digger (Gargoyle Earth Elementalist) Turns: 1655, Time: 00:02:23

Health: -3/28      AC:  6    Str: 11    XL:     5   Next: 11%
Magic:  9/9        EV: 16    Int: 18    God:    Vehumet [*.....]
Gold:   68         SH:  0    Dex: 10    Spells: 9/10 levels left

rFire   + . .        d - +0 dagger
rCold   . . .        (no shield)
rNeg    + . .        a - +0 robe
rPois   ∞            (no helmet)
rElec   +            (no cloak)
rCorr   .            (no gloves)
SInv    .            (no boots)
Will    .....        (no amulet)
Stlth   ++           n - +5 ring of evasion
HPRegen 0.24/turn    o - ring of protection from fire
MPRegen 0.11/turn

%: no passive effects
@: no status effects
A: sickness immunity, AC +4, negative energy resistance 1, electricity
resistance, torment resistance 1, petrification resistance
a: Renounce Religion


You were on level 3 of the Dungeon.
You worshipped Vehumet.
Vehumet was aware of your devotion.
You visited 1 branch of the dungeon, and saw 3 of its levels.

You collected 94 gold pieces.
You spent 26 gold pieces at shops.

Inventory:

Hand Weapons
 d - a +0 dagger (weapon)
Armour
 a - a +0 robe (worn)
Jewellery
 n - a +5 ring of evasion (left hand)
 o - a ring of protection from fire (right hand)
Scrolls
 c - a scroll of revelation {unknown}
 e - a scroll of poison
 j - a scroll of silence {unknown}
 k - a scroll of enchant armour {unknown}
 m - a scroll of immolation {unknown}
Potions
 f - 2 potions of haste
 g - 3 potions of brilliance
 h - a potion of attraction {unknown}
 l - 2 potions of berserk rage {unknown}


   Skills:
 - Level 1.5 Dodging
 - Level 2.1 Stealth
 + Level 3.1 Spellcasting
 + Level 3.1 Conjurations
 + Level 4.8 Earth Magic


You had 9 spell levels left.
You knew the following spells:

 Your Spells              Type           Power      Damage    Failure   Level
a - Sandblast             Erth           40%        2d10      2%          1

Your spell library contained the following spells:

 Spells                   Type           Power      Damage    Failure   Level
 Kiss of Death            Conj/Necr      32%        2d7       9%          1
 Passwall                 Erth           20%        N/A       6%          3
 Stone Arrow              Conj/Erth      34%        3d9       10%         3
 Brom's Barrelling Bould  Conj/Erth      17%        2d4       30%         4
 Petrify                  Alch/Erth      11%        N/A       52%         4
 Passage of Golubria      Tloc           2%         N/A       85%         4
 Silence                  Hex/Air        1%         N/A       99%         5
 Lehudib's Crystal Spear  Conj/Erth      8%         10d4      100%        8


Dungeon Overview and Level Annotations

Branches:
Dungeon (3/15)

Altars:
Fedhas
Makhleb
Vehumet

Shops:
D:3 ?


Innate Abilities, Weirdness & Mutations

You are immune to sickness and miasma.
Your stone body is resilient. (AC +4)
You are immune to poison.
You resist negative energy. (rN+)
You are resistant to electric shocks. (rElec)
You are resistant to unholy torment.
You are immune to petrification.


Message History

Aim: an orc priest, wielding a +0 flail and wearing a +0 leather armour (83% to hit)
The blast of sand hits the orc priest.
The orc priest is moderately wounded.
The adder hisses angrily.
The orc priest looks encouraged for a moment.
The orc priest cheers repeatedly.
The orc priest closely misses you.
Casting: Sandblast (safe; 2% risk of failure)
Confirm with . or Enter, or press ? or * to list all spells.
Aiming: Sandblast (safe; 2% risk of failure)
Press: ? - help, Shift-Dir - straight line, f/p - orc priest
Aim: an orc priest, wielding a +0 flail and wearing a +0 leather armour (moderately wounded, 83% to hit)
The blast of sand hits the orc priest.
The orc priest is heavily wounded.
The orc wizard hits you but does no damage.
The orc priest mumbles some strange prayers to Beogh against you.
You barely resist.
The orc wizard hits you with a +0 dagger.
Casting: Sandblast (safe; 2% risk of failure)
Confirm with . or Enter, or press ? or * to list all spells.
You don't have enough magic to cast this spell.
Unknown command.
Magic courses through your body.
The orc priest hits you but does no damage.
The orc wizard points at you and mumbles some strange words.
The magic dart hits you.
Casting: Sandblast (safe; 2% risk of failure)
Confirm with . or Enter, or press ? or * to list all spells.
Aiming: Sandblast (safe; 2% risk of failure)
Press: ? - help, Shift-Dir - straight line, f/p - orc priest
Aim: an orc priest, wielding a +0 flail and wearing a +0 leather armour (heavily wounded, 83% to hit)
The blast of sand hits the orc priest!
The orc priest is almost dead.
The orc priest calls down the wrath of Beogh upon you.
Beogh smites you!
* * * LOW HITPOINT WARNING * * *
The orc wizard closely misses you.
The orc priest calls down the wrath of Beogh upon you.
Pain shoots through your body!
You die...

###############
#..~~.....~...#
#..~~...~~~.~~#
#.≈≈≈~~~~≈≈~≈.#
#~~~≈≈≈≈~~~≈.~#
#..~≈~≈~~~~~~.#
..##@~~≈~~.♣~≈~~~#
..#ooS≈≈~._.~~≈~.#
.$..≈~~~†..~~≈..#
.......≈~≈~~≈≈≈~...#
......#..~≈~≈≈≈≈≈≈~~.#
......#~≈~~~≈~~~≈~~~.#
.....##~.~...~...~...#
..... #~~..~.~.~.~.~.
.....####.##########.


You could see an orc priest, an orc wizard and an adder.

Vanquished Creatures
  4 gnolls (D:3)
  2 adders (D:2)
  A ribbon worm (D:2)
  4 dart slugs
  2 orcs (D:3)
  2 endoplasms (D:1)
  4 giant cockroaches
  4 goblins
  6 hobgoblins
  4 jackals (D:1)
  3 ball pythons
  10 bats
  3 frilled lizards
  3 kobolds (D:1)
  5 rats (D:1)
57 creatures vanquished.

Notes
Turn   | Place    | Note
-------+----------+-------------------------------------------
     0 | D:1      | CougarLife the Gargoyle Earth Elementalist began the quest
                  | for the Orb.
     0 | D:1      | Reached XP level 1. HP: 10/10 MP: 3/3
   156 | D:1      | Reached XP level 2. HP: 15/15 MP: 3/5
   361 | D:1      | Reached skill level 4 in Earth Magic
   480 | D:1      | Reached XP level 3. HP: 5/19 MP: 0/6
  1039 | D:2      | Reached XP level 4. HP: 24/24 MP: 4/8
  1319 | D:2      | Found a burning altar of Makhleb.
  1432 | D:3      | Found a blossoming altar of Fedhas.
  1460 | D:3      | Found Gamytas's Magic Scroll Emporium.
  1471 | D:3      | Bought a scroll of identify for 26 gold pieces
  1512 | D:3      | Reached XP level 5. HP: 17/28 MP: 2/9
  1619 | D:3      | Found a faded altar of an unknown god.
  1628 | D:3      | Prayed at the altar of an unknown god.
  1628 | D:3      | Became a worshipper of Vehumet
  1628 | D:3      | Reached * piety under Vehumet
  1628 | D:3      | Offered knowledge of Kiss of Death by Vehumet.
  1655 | D:3      | Killed from afar by an orc priest

Illustrated notes

Levels and vault maps discovered:
D:1:      saegor_arrival_simple_e, layout_rooms, minmay_small_reverse_x
D:2:      layout_rooms, basic_altar
D:3:      layout_rooms, mainiacjoe_overflow_24_doors, serial_shops, shop,
          nicolae_shop_hallway_plus, chequers_ecumenical_altar_island

Skill      XL: |  1  2  3  4 |
---------------+-------------+-----
Earth Magic    | 4 |  4.8
Conjurations   | 2 3 |  3.1
Spellcasting   | 3 |  3.1
Dodging        | |  1.5
Stealth        | |  2.1

Action                     |  1- 3 |  4- 6 || total
---------------------------+-------+-------++-------
  Melee: Unarmed           |     7 |       ||     7
         Dagger            |    42 |       ||    42
   Cast: Sandblast         |    49 |    33 ||    82
    Use: Scroll            |       |     3 ||     3
         Potion            |       |     1 ||     1
 Armour: Robe              |    56 |     8 ||    64
  Dodge: Dodged            |    65 |    14 ||    79

Table legend: (Time is in decaauts)
 A = Elapsed time spent in this place.
 B = Non-inter-level travel time spent in this place.
 C = Inter-level travel time spent in this place.
 D = Time resting spent in this place.
 E = Time spent auto-exploring this place.
 F = Levels seen in this place.
 G = Mean time per level.
                   A        B        C        D        E       F      G
               +--------+--------+--------+--------+--------+-----+--------+
         Total |   1698 |   1663 |     35 |    174 |   1083 |   3 |  566.0 |
       Dungeon |   1698 |   1663 |     35 |    174 |   1083 |   3 |  566.0 |
               +--------+--------+--------+--------+--------+-----+--------+

Top non-repeatable levels by time:
     D:1: 957 daAuts
     D:2: 488 daAuts
     D:3: 253 daAuts
